 Dungeon Crawl Stone Soup version 0.30.1-9-gdf580d7c3d (webtiles) character file.

Game seed: 14012824710725555996

141 KittyFluff the Cudgeller (level 5, 0/49 HPs)
             Began as a Gargoyle Berserker on Oct 21, 2023.
             Was a Priest of Trog.
             Slain by a lemure (1 damage)
             ... led by Pikel
             ... on level 3 of the Dungeon.
             The game lasted 00:11:25 (2555 turns).

KittyFluff the Cudgeller (Gargoyle Berserker)       Turns: 2555, Time: 00:11:27

Health: 0/49       AC:  8    Str: 22    XL:     5   Next: 24%
Magic:  5/5        EV: 11    Int:  8    God:    Trog [***...]
Gold:   95         SH:  3    Dex:  9    Spells: 4/4 levels left

rFire   . . .        a - +0 mace
rCold   . . .        p - +0 buckler
rNeg    + . .        g - +0 leather armour
rPois   ∞            t - +0 helmet
rElec   +            (no cloak)
rCorr   .            (no gloves)
SInv    .            (no boots)
Will    +....        (no amulet) Stlth
                     v - ring of willpower
HPRegen 0.28/turn    (no ring)
MPRegen 0.09/turn

%: no passive effects
@: berserking (expiring), very quick
A: sickness immunity, AC +4, negative energy resistance 1, electricity
resistance, torment resistance 1, petrification resistance
a: Renounce Religion, Berserk, Trog's Hand


You were on level 3 of the Dungeon.
You worshipped Trog.
Trog was most pleased with you.
You visited 1 branch of the dungeon, and saw 4 of its levels.

You collected 95 gold pieces.

Inventory:

Hand Weapons
 a - a +0 mace (weapon)
 h - a +0 sling
Missiles
 m - 4 silver javelins (quivered)
Armour
 g - a +0 leather armour (worn)
 p - a +0 buckler (worn)
 s - a +0 ring mail
 t - a +0 helmet (worn)
Jewellery
 v - a ring of willpower (left hand)
Scrolls
 b - 2 scrolls of noise {unknown}
 d - a scroll of enchant armour {unknown}
 e - 2 scrolls of identify {unknown}
 f - a scroll of amnesia {unknown}
 i - 2 scrolls of magic mapping {unknown}
 n - 2 scrolls of teleportation {unknown}
 q - a scroll of fog {unknown}
 w - 2 scrolls of enchant weapon {unknown}
Potions
 c - a potion of flight {unknown}
 j - a potion of resistance {unknown}
 k - 2 potions of curing {unknown}
 l - a potion of heal wounds {unknown}
 o - a potion of magic {unknown}
 r - 2 potions of lignification {unknown}
 u - 3 potions of might {unknown}


   Skills:
 + Level 3.9 Fighting
 * Level 4.0 Maces & Flails
 * Level 3.6 Armour
 + Level 2.1 Dodging
 + Level 1.0 Shields


You had 4 spell levels left.
You didn't know any spells.
Your spell library was empty.

Dungeon Overview and Level Annotations

Branches:
Dungeon (4/15)
 Temple: D:4-7

Altars:

Annotations:
D:3 Pikel


Innate Abilities, Weirdness & Mutations

You are immune to sickness and miasma.
Your stone body is resilient. (AC +4)
You are immune to poison.
You resist negative energy. (rN+)
You are resistant to electric shocks. (rElec)
You are resistant to unholy torment.
You are immune to petrification.


Message History

Pikel hits you with a +2 whip of flaming!
Pikel burns you.
A lemure comes into view.
You see here a hobgoblin corpse.
Pikel cracks his whip.
Pikel zaps a wand.
You resist with almost no effort.
There is a stone staircase leading up here.
Pikel zaps a wand.
You resist with almost no effort. Pikel closely misses you.
The lemure hits you.
You climb upwards.
There is a stone staircase leading down here.
A red film seems to cover your vision as you go berserk!
You feel yourself moving faster!
You feel mighty! The lemure barely misses you.
Pikel hits you with a +2 whip of flaming!
Pikel burns you.
You hit Pikel but do no damage. You sock Pikel!
Pikel is moderately wounded.
Pikel hits you with a +2 whip of flaming.
* * * LOW HITPOINT WARNING * * *
Pikel burns you.
* * * LOW HITPOINT WARNING * * *
The lemure hits you.
* * * LOW HITPOINT WARNING * * *
You hit Pikel but do no damage.
Pikel is moderately wounded.
Pikel zaps a wand.
You resist with almost no effort. The lemure barely misses you.
You hit Pikel.
Pikel is heavily wounded.
Pikel zaps a wand.
You resist with almost no effort. The lemure barely misses you.
You barely miss Pikel.
Pikel is heavily wounded.
Pikel hits you with a +2 whip of flaming.
* * * LOW HITPOINT WARNING * * *
Pikel burns you.
* * * LOW HITPOINT WARNING * * *
The lemure hits you.
You die...

#.# #.#
#.#############>#
#...[......#....#
#.########.#.####
#.# #.#<########
#.# #...........
#)# ###.########
#)#### #####.#
#).5@# #.....#
#.##K# #.#####
#.##.# #.# #.##.#
#.# #.##.# #.#
#.##.# #.# #.##.#
#.# #.##.# #.#
#.##.# #.#


You could see Pikel and a lemure.

Vanquished Creatures
  Robin (D:3)
  4 gnolls (D:3)
  An adder (D:3)
  A dart slug (D:1)
  5 endoplasms
  6 giant cockroaches
  11 goblins
  5 hobgoblins
  6 jackals
  7 kobolds
  3 quokkas
  9 ball pythons
  6 bats
  3 frilled lizards (D:1)
  5 rats
73 creatures vanquished.

Notes
Turn   | Place    | Note
-------+----------+-------------------------------------------
     0 | D:1      | KittyFluff the Gargoyle Berserker began the quest for the
                  | Orb.
     0 | D:1      | Reached XP level 1. HP: 14/14 MP: 1/1
    45 | D:1      | Reached XP level 2. HP: 4/19 MP: 2/2
   622 | D:1      | Reached XP level 3. HP: 22/23 MP: 3/3
   752 | D:1      | Reached ** piety under Trog
  1153 | D:2      | Identified the +7 spear of the Beast {freeze, rPois rF- rC+
                  | Int+4}
  1311 | D:2      | Found a faded altar of an unknown god.
  1672 | D:3      | Reached XP level 4. HP: 29/29 MP: 4/4
  1896 | D:3      | Noticed Robin
  1912 | D:3      | Killed Robin
  2016 | D:3      | Identified the -1 pair of boots of Pleasant Breezes {Int+2}
  2137 | D:3      | Reached *** piety under Trog
  2138 | D:3      | Reached skill level 4 in Maces & Flails
  2138 | D:3      | Reached XP level 5. HP: 9/33 MP: 5/5
  2146 | D:3      | Reached skill level 1 in Shields
  2540 | D:4      | Noticed Pikel
  2540 | D:4      | Noticed a lemure
  2542 | D:4      | Noticed a lemure
  2544 | D:4      | Noticed a lemure
  2555 | D:3      | HP: 1/49 [Pikel/+2 whip of flaming (2)]
  2555 | D:3      | Slain by a lemure

Illustrated notes

Levels and vault maps discovered:
D:1:      erik_arrival_blinker_ship, layout_loops_ring, minmay_heptomino_l4
D:2:      layout_loops_ring, shapermc_ecumenical_altar_notcrosses,
          palyth_stone_intersect
D:3:      layout_loops_ring, minmay_misc_feat_square, uniq_robin
D:4:      layout_loops_ring, mainiacjoe_overflow_swirl,
          dreamdust_mushroom_princess, minmay_shop_damaged, uniq_pikel

Skill      XL: |  1  2  3  4  5 |
---------------+----------------+-----
Armour         | 3 |  3.6
Dodging        | 2 |  2.1
Maces & Flails | 4 |  4.0
Shields        | 1 |  1.0
Fighting       | |  3.9

Action                     |  1- 3 |  4- 6 || total
---------------------------+-------+-------++-------
  Melee: Mace              |   163 |    80 ||   243
 Invoke: Berserk           |     1 |     2 ||     3
 Armour: Animal skin       |    25 |       ||    25
         Leather armour    |    50 |    29 ||    79
  Dodge: Dodged            |   116 |    51 ||   167
  Block: Buckler           |     3 |     9 ||    12
